 Dungeon Crawl Stone Soup version 0.18.1-48-g4cf74bf (webtiles) character file.

949 Iskender the Shooter (level 8, 0/52 HPs)
             Began as an Octopode Wanderer on Aug 25, 2016.
             Slain by an iron imp (7 damage)
             ... summoned by Eustachio
             ... on level 4 of the Dungeon.
             The game lasted 00:48:49 (6675 turns).

Iskender the Shooter (Octopode Wanderer)            Turns: 6675, Time: 00:48:50

Health: 0/52       AC:  1    Str: 11      XL:     8   Next: 13%
Magic:  9/9        EV: 11    Int: 15      God:
Gold:   286        SH:  0    Dex: 12 (13) Spells: 3 memorised, 3 levels left

rFire  . . .     SeeInvis .     a - +0 hand axe
rCold  . . .     Gourm    .     (no shield)
rNeg   . . .     Faith    .     y - +0 hat
rPois  .         Spirit   .     E - amulet of rage
rElec  .         Dismiss  .     (no ring)
rCorr  .         Reflect  .     (no ring)
SustAt .         Harm     .     (no ring)
MR     .....                    (no ring)
Stlth  +++.......               (no ring)
                                (no ring)
                                (no ring)
                                (no ring)

@: confused, repel missiles, not resistant to hostile enchantments, fairly
stealthy
A: almost no armour, amphibious, 8 rings, constrict 8, camouflage 1, gelatinous
body 1
a: Evoke Berserk Rage


You were on level 4 of the Dungeon.
You were not hungry.

You visited 2 branches of the dungeon, and saw 7 of its levels.

You collected 286 gold pieces.

Inventory:

Hand Weapons
 a - a +0 hand axe (weapon)
 b - a +0 shortbow
 e - a +0 short sword
 h - a +0 mace
 v - a +0 arbalest
 A - the +4 dagger of the Onslaught {pierce, rC+ MP-9 Str+4 SInv}
   (You found it on level 5 of the Dungeon)

   It inflicts extra damage upon your enemies.
   It affects your strength (+4).
   It protects you from cold.
   It affects your magic capacity (-9).
   It lets you see invisible.
 H - a +1 mace of draining
 I - a +0 war axe
Missiles
 d - 37 arrows
 k - 98 stones (quivered)
 o - 28 poisoned needles
 u - a throwing net {!f}
Armour
 y - a +0 hat (worn)
Jewellery
 E - an amulet of rage (around mantle)
Wands
 x - a wand of slowing (6/48)
 K - a wand of confusion (7/48)
Scrolls
 j - 4 scrolls of teleportation
 q - 3 scrolls of magic mapping
 t - a scroll of enchant weapon {unknown}
 w - a scroll of fear
 B - 2 scrolls of fog
 C - a scroll of noise {unknown}
 F - 2 scrolls of enchant armour {unknown}
 J - 2 scrolls of remove curse
Potions
 l - a potion of haste
 m - a potion of mutation {unknown}
 n - a potion of agility {unknown}
 s - a potion of lignification {unknown}
 z - a potion of might {unknown}
 G - a potion of heal wounds {unknown}
Books
 c - Namnoagg's Guide on the Glacier

   Spells                             Type                      Level
   a - Freeze                         Ice                          1
   b - Ozocubu's Armour               Charms/Ice                   3
 i - a book of Minor Magic

   Spells                             Type                      Level
   a - Magic Dart                     Conjuration                  1
   b - Blink                          Translocation                2
   c - Call Imp                       Summoning                    2
   d - Repel Missiles                 Charms/Air                   2
   e - Slow                           Hexes                        2
   f - Conjure Flame                  Conjuration/Fire             3
   g - Mephitic Cloud                 Conjuration/Poison/Air       3
Comestibles
 f - 6 bread rations
 g - 3 chunks of flesh
 p - 4 meat rations
 D - 2 slices of pizza
 L - a royal jelly


   Skills:
 - Level 3.0 Fighting
 - Level 7.6 Bows
 + Level 0.2 Dodging
 - Level 7.3 Stealth
 - Level 1.0 Spellcasting
 - Level 1.0 Translocations
   Level 1.0 Fire Magic
 - Level 2.1 Evocations


You had 3 spell levels left.
You knew the following spells:

 Your Spells              Type           Power        Failure   Level  Hunger
a - Call Imp              Summ           #.......     38%         2    ###....
r - Repel Missiles        Chrm/Air       #.....       38%         2    ###....
v - Blink                 Tloc           N/A          28%         2    ###....


Dungeon Overview and Level Annotations

Branches:
Dungeon (6/15)             Temple (1/1) D:5

Altars:
Cheibriados
Elyvilon
Fedhas
Kikubaaqudgha
Makhleb
Nemelex Xobeh
Okawaru
Pakellas
Qazlal
Ru
Sif Muna
Vehumet
Xom
Yredelemnul
The Shining One

Annotations:
D:4 Eustachio
D:6 exclusion: centaur


Innate Abilities, Weirdness & Mutations

You cannot wear most types of armour.
You are amphibious.
You can wear up to eight rings at the same time.
You can use your tentacles to constrict eight enemies at once.
Your skin changes colour to match your surroundings (Stealth).
Your rubbery body absorbs attacks (AC +1).


Message History

The shadow imp closely misses you.
You hit Eustachio but do no damage.
Eustachio is heavily wounded.
You closely miss the shadow imp. You hit the iron imp.
The iron imp is lightly wounded.
You hit the river rat but do no damage. You constrict Eustachio.
The river rat disappears in a puff of smoke!
The iron imp hits you.
* * * LOW HITPOINT WARNING * * *
Eustachio barely misses you. The shadow imp gestures at you.
Pain shoots through your body!
* * * LOW HITPOINT WARNING * * *
The river rat barely misses you.
Drink which item? (? for menu, Esc to quit)
You are confused.
You feel invigorated.
You constrict Eustachio. The bat hits you.
* * * LOW HITPOINT WARNING * * *
The iron imp hits you!
You die...

........######..#..##.# #.##..#.#
.##...................###.......#
.###.....#####..#..##..##.##....'
.###.....# #..#..##..##.....###
.........# #..#................
.###.....# #...b.........##..##
.###.....#####.....##.#.#..##..#
................55.........##..#
##.#..#.#######r@@r............##
...#............##b##.#..####..##
.#.#..#.#######.##.##.#...# #..##
.#.#............##.##.#.#.###..##
........................#..##..##
.........#######...##..........##
.#.#.##.#### #.#.#.#####.##....
...........#####...#.# #.##.###
...................#.#####.##.###


You could see Eustachio, an iron imp, a river rat, a shadow imp, 2 bats and a
rat.

Vanquished Creatures
  Menkaure (D:5)
  A phantom (D:5)
  An ogre (D:4)
  2 scorpions (D:5)
  4 wights (D:4)
  A howler monkey (D:4)
  A crimson imp (D:5)
  2 orc priests (D:5)
  An orc wizard (D:4)
  A hound skeleton (D:3)
  2 howler monkey zombies (D:5)
  Robin (D:2)
  2 adders
  A shadow imp (D:6)
  2 oozes
  A worm (D:3)
  3 dart slugs
  3 giant geckos
  9 orcs
  2 giant cockroaches
  8 goblins
  7 hobgoblins
  11 jackals
  2 quokkas
  2 ball pythons
  10 bats
  A giant gecko skeleton (D:3)
  7 giant newts
  9 kobolds
  2 quokka skeletons
  8 rats
108 creatures vanquished.

Vanquished Creatures (collateral kills)
  An ogre (D:4)
  An orc wizard (D:4)
2 creatures vanquished.

Vanquished Creatures (others)
  An orc wizard (D:4)
  2 kobolds (D:2)
  A bat (D:2)
4 creatures vanquished.

Grand Total: 114 creatures vanquished

Notes
Turn   | Place    | Note
--------------------------------------------------------------
     0 | D:1      | Iskender the Octopode Wanderer began the quest for the Orb.
     0 | D:1      | Iskender set off with: a book of Minor Magic, Namnoagg's Guide on the Glacier, a +0 shortbow, 25 arrows, a bread ration
     0 | D:1      | Reached XP level 1. HP: 16/16 MP: 2/2
     0 | D:1      | Identified Namnoagg's Guide on the Glacier
   112 | D:1      | Reached skill level 1 in Stealth
   159 | D:1      | Reached XP level 2. HP: 12/21 MP: 3/3
   848 | D:2      | Reached XP level 3. HP: 22/26 MP: 4/4
   854 | D:2      | Noticed Robin
  1096 | D:2      | Killed Robin
  1209 | D:2      | Found a glowing golden altar of the Shining One.
  1211 | D:2      | Noticed an angel
  1227 | D:2      | Found a basalt altar of Yredelemnul.
  1229 | D:2      | Noticed a profane servitor
  1298 | D:2      | Learned a level 2 spell: Blink
  1301 | D:2      | Learned a level 2 spell: Call Imp
  1473 | D:2      | Found a burning altar of Makhleb.
  1475 | D:2      | Noticed a green death
  1538 | D:2      | Reached XP level 4. HP: 27/31 MP: 5/5
  2890 | D:4      | Found an oddly glowing altar of Pakellas.
  2961 | D:4      | Reached XP level 5. HP: 36/36 MP: 6/6
  3122 | D:4      | Noticed an ogre
  3204 | D:4      | Killed an ogre
  3204 | D:4      | Reached skill level 5 in Stealth
  3250 | D:4      | Found a shimmering altar of Xom.
  3261 | D:4      | Noticed Eustachio
  3480 | D:4      | Found a radiant altar of Vehumet.
  3521 | D:4      | Learned a level 2 spell: Repel Missiles
  3595 | D:4      | Reached XP level 6. HP: 18/42 MP: 4/7
  3812 | D:4      | Reached skill level 5 in Bows
  4210 | D:4      | Reached XP level 7. HP: 46/46 MP: 6/8
  4454 | D:5      | Entered Level 5 of the Dungeon
  4540 | D:5      | Found a staircase to the Ecumenical Temple.
  4570 | Temple   | Entered the Ecumenical Temple
  4813 | D:5      | Found an iron altar of Okawaru.
  4858 | D:5      | Noticed Menkaure
  5114 | D:5      | Got a slimy dagger
  5904 | D:5      | Killed Menkaure
  5904 | D:5      | Reached XP level 8. HP: 52/52 MP: 9/9
  5979 | D:5      | Identified the +4 dagger of the Onslaught {pierce, rC+ MP-9 Str+4 SInv} (You found it on level 5 of the Dungeon)
  6167 | D:4      | HP: 2/52 [white imp[Eustachio] (5)]
  6675 | D:4      | Slain by an iron imp

Skill      XL: |  1  2  3  4  5  6  7 |
---------------+----------------------+-----
Stealth        | 2 3 4 5 7 |  7.3
Bows           | 3 4 6 7 |  7.6
Fighting       | |  3.0
Dodging        | |  0.2
Spellcasting   | |  1.0
Translocations | |  1.0
Fire Magic     | |  1.0
Evocations     | |  2.1

Action                   |  1- 3 |  4- 6 |  7- 9 || total
-------------------------+-------+-------+-------++-------
Melee: Unarmed           |     9 |       |       ||     9
       Constrict         |    15 |    18 |    17 ||    50
       Hand axe          |    60 |    76 |    76 ||   212
       Tentacles         |     7 |    11 |    15 ||    33
 Fire: Shortbow          |    23 |    80 |   102 ||   205
Throw: Stone             |       |       |     1 ||     1
 Cast: Call Imp          |       |     4 |     1 ||     5
       Blink             |       |       |     2 ||     2
       Repel Missiles    |       |       |     1 ||     1
Evoke: Wand              |       |     4 |     2 ||     6
  Use: Scroll            |     6 |     4 |     4 ||    14
       Potion            |       |     2 |     2 ||     4
 Stab: Sleeping          |     5 |     5 |       ||    10
       Distracted        |       |     1 |       ||     1
  Eat: Chunk             |     2 |     8 |     9 ||    19
Armor: Skin              |     6 |     9 |    13 ||    28
Dodge: Dodged            |    37 |    38 |    71 ||   146
       Deflected         |       |       |     1 ||     1
